 Dungeon Crawl Stone Soup version 0.29.0-4-gdea44cf6ec (webtiles) character file.

Game seed: 6333142188705934726

43 qw the Chopper (level 3, -15/29 HPs)
             Began as a Barachi Chaos Knight on Sept 6, 2022.
             Demolished by an ice devil (16 damage)
             ... summoned by Xom
             ... on level 1 of the Dungeon.
             The game lasted 00:00:41 (1156 turns).

qw the Chopper (Barachi Chaos Knight)               Turns: 1156, Time: 00:00:41

Health: -15/29     AC: -1    Str: 15      XL:     3   Next: 58%
Magic:  3/3        EV:  5    Int: 12      God:
Gold:   78         SH: 10    Dex: 10 (11) Spells: 2/2 levels left

rFire   . . .      SeeInvis .   Y - +0 war axe
rCold   . . .      Faith    .   i - +0 tower shield
rNeg    + . .      Spirit   .   f - +0 scale mail
rPois   .          Reflect  .   (no helmet)
rElec   .          Harm     .   (no cloak)
rCorr   .          Rampage  .   (no gloves)
Will    .....                   (no boots)
Stlth   +.........              (no amulet)
HPRegen 0.09/turn               a - ring of Contentment {rN+ Stlth+}
MPRegen 0.08/turn               (no ring)

@: corroded, slow
A: amphibious, slowness 1, strong legs 1, +LOS
a: Hop


You were on level 1 of the Dungeon.
You visited 1 branch of the dungeon, and saw 2 of its levels.

You collected 78 gold pieces.


Innate Abilities, Weirdness & Mutations

You are amphibious.
You cover ground slowly.
You can hop short distances.
You have an extended range of vision and can be seen from far away.


   Skills:
 - Level 3.6 Fighting
 - Level 4.8 Axes
 - Level 2.4 Armour
 - Level 1.1 Dodging
 + Level 0.8 Shields


You had 2 spell levels left.
You didn't know any spells.
Your spell library was empty.

Inventory:

Hand Weapons
 g - a +0 whip
 Y - a +0 war axe (weapon)
Armour
 f - a +0 scale mail (worn)
 i - a +0 tower shield (worn)
Jewellery
 a - the ring of Contentment (left hand) {rN+ Stlth+}
   (You found it on level 2 of the Dungeon)

   [ring of positive energy]

   rN:        It protects you from negative energy.
   Stlth:     It makes you more stealthy.
Scrolls
 b - a scroll of enchant weapon {unknown}
 d - a scroll of immolation {unknown}
Potions
 h - a potion of heal wounds
Miscellaneous
 c - a piece from Xom's chessboard (15/15)

Dungeon Overview and Level Annotations

Branches:
Dungeon (2/15)

Altars:

Shops:
D:1 ==


Message History

d - a scroll labelled DUYKKU ASIYCUTZ A bat comes into view.
You block the bat's attack.
You slash the bat!
You kill the bat!
You see here a bat corpse.
There is an open door here.
You open the door. "Time to have some fun!"
A hellwing comes into view.
You hit the hellwing but do no damage. You hit the crimson imp.
You hit the shadow imp. You hit the quasit but do no damage.
You hit the rust devil but do no damage.
You hit the crimson imp.
The crimson imp is almost dead.
You hit the hellwing but do no damage.
You hit the rust devil but do no damage.
You slash the shadow imp! You hit the quasit. The quasit barely misses you.
The quasit claws you.
The quasit claws you but does no damage.
The rust devil hits you. The rust devil corrodes you!
You block the shadow imp's attack. The hellwing barely misses you.
The hellwing hits you.
The crimson imp blinks!
You block the quasit's attack. x3
You hit the shadow imp.
You kill the shadow imp!
The shadow imp disappears in a puff of smoke!
You barely miss the quasit. You hit the hellwing.
You hit the rust devil but do no damage.
You hit the ice devil but do no damage. The rust devil hits you.
The rust devil corrodes you!
You block the quasit's attack. x2; The quasit barely misses you.
The ice devil completely misses you. The white imp gestures at you.
The puff of frost hits you! You block the hellwing's attack.
The hellwing barely misses you. The quasit bites you. The quasit claws you.
You feel clumsy. The quasit closely misses you. The ice devil hits you!
The ice devil freezes you!
Ouch! That really hurt!
You die...

#..............#####.........
#.#.##.........# #.........
#.#...)......#.# #######...
#............#.###########.##
#.#..........'...............
#.#..........#############.##
#.#.......535..............#.
#.#.......554##......####..#.
#.#....8..55@ยค5......'%....#.
#.#........44##......#####.#.
#.#....>....5.#......# #.#.
#.#.###.##.##.#.....## #.#.
#.#.# #\##.##.#.....# #.#.
#.### #.##.##.####### #.#. #.#
#8##.##.# .#. #.# #..#.##.#
.## #.# ##...##.#


You could see a hellwing (summoned), an ice devil (summoned), a rust devil
(summoned), a ynoxinul (summoned), 2 iron imps, 3 quasits, a white imp
(summoned), a shadow imp (summoned) and an ufetubus (summoned).

Vanquished Creatures
  A dart slug (D:1)
  3 bats (D:1)
  5 endoplasms (D:1)
  5 giant cockroaches (D:1)
  4 goblins (D:1)
  4 jackals (D:1)
  A quokka (D:1)
  2 ball pythons (D:1)
  6 kobolds (D:1)
  4 rats (D:1)
35 creatures vanquished.

Vanquished Creatures (collateral kills)
  A rat (D:1)
1 creature vanquished.

Vanquished Creatures (others)
  A giant cockroach zombie (D:1)
1 creature vanquished.

Grand Total: 37 creatures vanquished

Notes
Turn   | Place    | Note
-------+----------+-------------------------------------------
     0 | D:1      | qw the Barachi Chaos Knight began the quest for the Orb.
     0 | D:1      | Reached XP level 1. HP: 18/18 MP: 1/1
     0 | D:1      | 0 ||| qw: Version: 0.1-a-108-g9e35731
     0 | D:1      | 0 ||| qw: Game counter: 6260
     0 | D:1      | 0 ||| qw: Always use a shield: true
     0 | D:1      | 0 ||| qw: God list: Okawaru
     0 | D:1      | 0 ||| qw: Allow faded altars: false
     0 | D:1      | 0 ||| qw: Do Orc after D:15 true
     0 | D:1      | 0 ||| qw: Do second Lair branch before Depths: true
     0 | D:1      | 0 ||| qw: Lair rune preference: random
     0 | D:1      | 0 ||| qw: Plans: Normal
     0 | D:1      | 0 ||| PLANNING D:1-11
     0 | D:1      | Fell from the grace of Xom
    16 | D:1      | Found Ickoat's Jewellery Boutique.
    33 | D:1      | 33 ||| SHOPLISTING +4 ring of evasion (360 gold, have 0).
    33 | D:1      | 33 ||| SHOPLISTING +6 ring of strength (360 gold, have 0).
    33 | D:1      | 33 ||| SHOPLISTING ring of protection from fire (250 gold,
                  | have 0).
   104 | D:1      | Found a faded altar of an unknown god.
   161 | D:1      | Reached XP level 2. HP: 22/24 MP: 2/2
   209 | D:1      | 209 ||| Stepping ~*~*~tactically~*~*~ (stealth).
   212 | D:1      | Reached skill level 4 in Axes
   212 | D:1      | 212 ||| Stepping ~*~*~tactically~*~*~ (stealth).
   214 | D:1      | 214 ||| Stepping ~*~*~tactically~*~*~ (stealth).
   363 | D:1      | 363 ||| Stepping ~*~*~tactically~*~*~ (stealth).
   374 | D:1      | 374 ||| Stepping ~*~*~tactically~*~*~ (stealth).
   375 | D:1      | 375 ||| Stepping ~*~*~tactically~*~*~ (stealth).
   537 | D:1      | 537 ||| Stepping ~*~*~tactically~*~*~ (stealth).
   538 | D:1      | 538 ||| Stepping ~*~*~tactically~*~*~ (stealth).
   623 | D:1      | Reached XP level 3. HP: 29/29 MP: 3/3
   626 | D:1      | Found Icojouro's Jewellery Shoppe.
   633 | D:1      | 633 ||| Stepping ~*~*~tactically~*~*~ (hiding).
   636 | D:1      | 636 ||| Stepping ~*~*~tactically~*~*~ (hiding).
   654 | D:1      | 654 ||| SHOPLISTING amulet of guardian spirit (390 gold,
                  | have 50).
   654 | D:1      | 654 ||| SHOPLISTING ring "Nutodub" {Wiz rF++ rN++ Dex-4}
                  | (735 gold, have 50).
   654 | D:1      | 654 ||| SHOPLISTING ring of fire (325 gold, have 50).
   654 | D:1      | 654 ||| SHOPLISTING ring of protection from cold (325 gold,
                  | have 50).
   654 | D:1      | 654 ||| SHOPLISTING ring of see invisible (195 gold, have
                  | 50).
   693 | D:1      | 693 ||| Stepping ~*~*~tactically~*~*~ (stealth).
   810 | D:1      | 810 ||| SWAPPING to +0 war axe.
   838 | D:1      | 838 ||| DROPPING +0 hand axe of chaos.
   839 | D:1      | You fall into a shaft and drop 1 floor!
   843 | D:2      | Identified the ring of Contentment {rN+ Stlth+}
   907 | D:2      | 907 ||| UPGRADING to +0 ring mail.
   917 | D:2      | 917 ||| DROPPING +2 leather armour.
   918 | D:2      | 918 ||| UPGRADING to +0 scale mail.
   928 | D:2      | 928 ||| DROPPING +0 ring mail.
   929 | D:2      | 929 ||| UPGRADING to +0 tower shield.
   934 | D:2      | 934 ||| UPGRADING to ring of Contentment {rN+ Stlth+}.
   935 | D:2      | 935 ||| READING scroll labelled GUTITR NISTO.
   936 | D:2      | 936 ||| READING scroll labelled ALOERGH LIKHOSI.
   937 | D:2      | 937 ||| READING scroll labelled OTOGOSSAUSS.
   938 | D:2      | 938 ||| DRINKING 2 coppery potions.
   973 | D:1      | 973 ||| Stepping ~*~*~tactically~*~*~ (stealth).
  1153 | D:1      | XOM: summons 14 hostile demons
  1154 | D:1      | Noticed a hellwing
  1154 | D:1      | Noticed a rust devil
  1154 | D:1      | Noticed a ynoxinul
  1154 | D:1      | Noticed an ice devil
  1156 | D:1      | HP: 1/29 [ice devil[Xom] (13)]
  1156 | D:1      | Demolished by an ice devil

Levels and vault maps discovered:
D:1:      psy_arrival_statuary, layout_basic,
          ebering_ecumenical_altar_abandoned, serial_shops,
          nicolae_shop_hallway_stairs, shop_statue, minmay_worlds_worst_comb
D:2:      layout_basic, serial_bayou_crossing

Skill      XL: |  1  2 |
---------------+-------+-----
Axes           | 4 |  4.8
Fighting       | |  3.6
Armour         | |  2.4
Dodging        | |  1.1
Shields        | |  0.8

Action                   || total
-------------------------++-------
Melee: Hand axe          ||    65
       War axe           ||    15
Invok: Renounce Religion ||     1
  Use: Scroll            ||     3
       Potion            ||     1
Armor: Leather armour    ||    21
       Scale mail        ||     5
Dodge: Dodged            ||    52
Block: Tower shield      ||    14

Table legend:
 A = Non-vault XP
 B = Vault XP
 C = Vault XP percentage of total XP
 D = Non-vault monster count
 E = Vault monster count
 F = Vault count percentage of total count
                 A         B        C        D         E       F
            +---------+---------+-------+---------+---------+-------
      Total |      56 |       6 |   9.7 |      33 |       3 |   8.3
            +---------+---------+-------+---------+---------+-------
        D:1 |      56 |       6 |   9.7 |      33 |       3 |   8.3
            +---------+---------+-------+---------+---------+-------
